TOP OF THE 1ST |
Bismark Border Guards batting - Pitching for Bismarck Barons : RHP Rafael Souza
|
Pitching: RHP Rafael Souza
|
|
Batting: RHB Alfredo Farías
|
0-0: Called Strike 0-1: Ball 1-1: Called Strike 1-2: Ball 2-2: Strikes out swinging
|
Batting: RHB Warren Martin
|
0-0: Swinging Strike 0-1: Ball 1-1: Ball 2-1: Foul Ball, location: 2F 2-2: Ball 3-2: Fly out, F4 (Line Drive, 4)
|
Batting: RHB Sergio Solíz
|
0-0: Called Strike 0-1: Fly out, F8 (Flyball, 8RD)
|
Top of the 1st over - 0 runs, 0 hits, 0 errors, 0 left on base; Bismark 0 - Bismarck 0 |
BOTTOM OF THE 1ST |
Bismarck Barons batting - Pitching for Bismark Border Guards : RHP Michael Morris
|
Pitching: RHP Michael Morris
|
|
Batting: RHB Gary Roberts
|
0-0: Ball 1-0: Ball 2-0: Ball 3-0: Base on Balls
|
Batting: RHB Jason Smith
|
0-0: Swinging Strike 0-1: Grounds into double play, 6-4-3 (Groundball, 6)
|
Batting: RHB Jonathan Jackson
|
0-0: Ball 1-0: Foul Ball, location: 2F 1-1: Ball 2-1: SOLO HOME RUN (Flyball, 7LD), Distance : 308 ft
|
Batting: LHB Corey MacGregor
|
0-0: Ball 1-0: Called Strike 1-1: Ball 2-1: Swinging Strike 2-2: Foul Ball, location: 2F 2-2: Foul Ball, location: 2F 2-2: Ball 3-2: Foul Ball, location: 2F 3-2: Ground out 3-1 (Groundball, 34S)
|
Bottom of the 1st over - 1 run, 1 hit, 0 errors, 0 left on base; Bismark 0 - Bismarck 1 |
TOP OF THE 2ND |
Bismark Border Guards batting - Pitching for Bismarck Barons : RHP Rafael Souza
|
Batting: LHB Alan Moore
|
0-0: Foul Ball, location: 2F 0-1: Foul Ball, location: 2F 0-2: Ball 1-2: Fly out, F9 (Flyball, 9S)
|
Batting: RHB Leonard Harris
|
0-0: Ball 1-0: Swinging Strike 1-1: Ball 2-1: Foul Ball, location: 2F 2-2: Fly out, F6 (Line Drive, 6)
|
Batting: SHB Richard Griffin
|
0-0: Fly out, F8 (Flyball, 8RD)
|
Top of the 2nd over - 0 runs, 0 hits, 0 errors, 0 left on base; Bismark 0 - Bismarck 1 |
BOTTOM OF THE 2ND |
Bismarck Barons batting - Pitching for Bismark Border Guards : RHP Michael Morris
|
Batting: RHB Jonathan Reynolds
|
0-0: Ball 1-0: Called Strike 1-1: Fly out, F7 (Flyball, 7)
|
Batting: LHB Lorenzo Vargas
|
0-0: Foul Ball, location: 2F 0-1: Swinging Strike 0-2: Ball 1-2: SINGLE (Flyball, 78S)
|
Batting: RHB Felipe Domínguez
|
0-0: Ball 1-0: Ball 2-0: Ball 3-0: Called Strike 3-1: Base on Balls Lorenzo Vargas to second
|
Batting: RHB Pedro García
|
0-0: Called Strike 0-1: Ball 1-1: Fly out, F8 (Flyball, 8RS)
|
Batting: RHB Miguel Trejo
|
0-0: Called Strike 0-1: Foul Ball, location: 2F 0-2: Ball 1-2: Strikes out swinging
|
Bottom of the 2nd over - 0 runs, 1 hit, 0 errors, 2 left on base; Bismark 0 - Bismarck 1 |
TOP OF THE 3RD |
Bismark Border Guards batting - Pitching for Bismarck Barons : RHP Rafael Souza
|
Batting: LHB Kelsey Scott
|
0-0: Called Strike 0-1: Ball 1-1: Ball 2-1: Ball 3-1: SOLO HOME RUN (Line Drive, 78XD), Distance : 390 ft
|
Batting: RHB Rodrigo García
|
0-0: Called Strike 0-1: Swinging Strike 0-2: Ball 1-2: Ball 2-2: Fly out, F7 (Flyball, 7S)
|
Batting: RHB José Vidal
|
0-0: Ball 1-0: Foul Ball, location: 2F 1-1: Ball 2-1: Swinging Strike 2-2: Strikes out swinging
|
Batting: RHB Alfredo Farías
|
0-0: Called Strike 0-1: Called Strike 0-2: Strikes out looking
|
Top of the 3rd over - 1 run, 1 hit, 0 errors, 0 left on base; Bismark 1 - Bismarck 1 |
BOTTOM OF THE 3RD |
Bismarck Barons batting - Pitching for Bismark Border Guards : RHP Michael Morris
|
Batting: RHB Gary Roberts
|
0-0: Ball 1-0: Ball 2-0: Foul Ball, location: 2F 2-1: Fly out, F9 (Flyball, 9LSF)
|
Batting: RHB Jason Smith
|
0-0: Ball 1-0: Called Strike 1-1: Ball 2-1: SINGLE (Flyball, 7S)
|
Batting: RHB Jonathan Jackson
|
0-0: Ball 1-0: Ball 2-0: Fly out, F8 (Flyball, 78XD)
|
Batting: LHB Corey MacGregor
|
0-0: Ball 1-0: Ball 2-0: Ball 3-0: Hit by Pitch Jason Smith to second
|
Batting: RHB Jonathan Reynolds
|
0-0: Foul Ball, location: 2F 0-1: Ball 1-1: Ball 2-1: Foul Ball, location: 2F 2-2: Fly out, F7 (Flyball, 7LS)
|
Bottom of the 3rd over - 0 runs, 1 hit, 0 errors, 2 left on base; Bismark 1 - Bismarck 1 |
TOP OF THE 4TH |
Bismark Border Guards batting - Pitching for Bismarck Barons : RHP Rafael Souza
|
Batting: RHB Warren Martin
|
0-0: Called Strike 0-1: Ball 1-1: Ground out 5-3 (Groundball, 56S)
|
Batting: RHB Sergio Solíz
|
0-0: Ball 1-0: Called Strike 1-1: Hit by Pitch
|
Batting: LHB Alan Moore
|
0-0: Called Strike Sergio Solíz steals 2nd base 0-1: Ball 1-1: Foul Ball, location: 2F 1-2: Ball 2-2: Foul Ball, location: 2F 2-2: Foul Ball, location: 2F 2-2: Fly out, F8 (Flyball, 8RXD) Runner from 2nd tags up, SAFE at 3rd, no throw
|
Batting: RHB Leonard Harris
|
0-0: Swinging Strike 0-1: Ball 1-1: Swinging Strike 1-2: Strikes out swinging
|
Top of the 4th over - 0 runs, 0 hits, 0 errors, 1 left on base; Bismark 1 - Bismarck 1 |
BOTTOM OF THE 4TH |
Bismarck Barons batting - Pitching for Bismark Border Guards : RHP Michael Morris
|
Batting: LHB Lorenzo Vargas
|
0-0: Called Strike 0-1: Fly out, F8 (Flyball, 8LD)
|
Batting: RHB Felipe Domínguez
|
0-0: Ball 1-0: Swinging Strike 1-1: Foul Ball, location: 2F 1-2: Strikes out swinging
|
Batting: RHB Pedro García
|
0-0: Called Strike 0-1: Foul Ball, location: 2F 0-2: Fly out, F8 (Flyball, 8RS)
|
Bottom of the 4th over - 0 runs, 0 hits, 0 errors, 0 left on base; Bismark 1 - Bismarck 1 |
TOP OF THE 5TH |
Bismark Border Guards batting - Pitching for Bismarck Barons : RHP Rafael Souza
|
Batting: SHB Richard Griffin
|
0-0: Called Strike 0-1: Called Strike 0-2: Ball 1-2: Ball 2-2: Ball 3-2: Foul Ball, location: 2F 3-2: Fly out, F9 (Flyball, 9S)
|
Batting: LHB Kelsey Scott
|
0-0: Ball 1-0: Ball 2-0: Swinging Strike 2-1: Swinging Strike 2-2: Foul Ball, location: 2F 2-2: SINGLE (Groundball, 34D)
|
Batting: RHB Rodrigo García
|
0-0: Called Strike 0-1: Called Strike 0-2: Foul Ball, location: 2F 0-2: Ball 1-2: Strikes out looking
|
Batting: RHB José Vidal
|
0-0: Called Strike Kelsey Scott steals 2nd base 0-1: Foul Ball, location: 2F 0-2: Foul Ball, location: 2F 0-2: Foul Ball, location: 2F 0-2: Strikes out looking
|
Top of the 5th over - 0 runs, 1 hit, 0 errors, 1 left on base; Bismark 1 - Bismarck 1 |
BOTTOM OF THE 5TH |
Bismarck Barons batting - Pitching for Bismark Border Guards : RHP Michael Morris
|
Batting: RHB Miguel Trejo
|
0-0: Ball 1-0: Ball 2-0: Called Strike 2-1: Ground out 4-3 (Groundball, 4)
|
Batting: RHB Gary Roberts
|
0-0: Ball 1-0: Called Strike 1-1: Ball 2-1: Ball 3-1: Foul Ball, location: 2F 3-2: Strikes out looking
|
Batting: RHB Jason Smith
|
0-0: Ball 1-0: Ball 2-0: Ball 3-0: Base on Balls
|
Batting: RHB Jonathan Jackson
|
0-0: Fly out, F8 (Flyball, 8RXD)
|
Bottom of the 5th over - 0 runs, 0 hits, 0 errors, 1 left on base; Bismark 1 - Bismarck 1 |
TOP OF THE 6TH |
Bismark Border Guards batting - Pitching for Bismarck Barons : RHP Rafael Souza
|
Batting: RHB Alfredo Farías
|
0-0: SINGLE (Line Drive, 9S)
|
Batting: RHB Warren Martin
|
0-0: Ball Alfredo Farías steals 2nd base 1-0: Foul Ball, location: 2F 1-1: Ball 2-1: Foul Ball, location: 2F 2-2: SINGLE (Groundball, 6D) Alfredo Farías to third Runner from 3rd tries for Home, SAFE, no throw
|
Batting: RHB Sergio Solíz
|
0-0: Called Strike Warren Martin steals 2nd base 0-1: Foul Ball, location: 2F 0-2: Ball 1-2: Fly out, F9 (Line Drive, 89S)
|
Batting: LHB Alan Moore
|
0-0: Swinging Strike 0-1: Swinging Strike 0-2: Ball 1-2: Ball 2-2: Ball 3-2: Foul Ball, location: 2F 3-2: Foul Ball, location: 2F 3-2: Hit by Pitch
|
Pitching: LHP Tom Hale
|
|
Batting: RHB Leonard Harris
|
0-0: Called Strike 0-1: Ball 1-1: Foul Ball, location: 2F 1-2: Ball 2-2: Strikes out swinging
|
Batting: SHB Richard Griffin
|
0-0: Called Strike 0-1: Foul Ball, location: 2F 0-2: Ball 1-2: Fly out, F3 (Popup, 34)
|
Top of the 6th over - 1 run, 2 hits, 0 errors, 2 left on base; Bismark 2 - Bismarck 1 |
BOTTOM OF THE 6TH |
Bismarck Barons batting - Pitching for Bismark Border Guards : RHP Michael Morris
|
Batting: LHB Corey MacGregor
|
0-0: Called Strike 0-1: Fly out, F8 (Flyball, 8LS)
|
Batting: RHB Jonathan Reynolds
|
0-0: Called Strike 0-1: Foul Ball, location: 2F 0-2: Ball 1-2: SINGLE (Flyball, 89S)
|
Batting: LHB Lorenzo Vargas
|
0-0: Called Strike 0-1: Ball 1-1: Ball 2-1: Ball 3-1: Ground out 3-1 (Groundball, 34S) Jonathan Reynolds to second
|
Batting: RHB Felipe Domínguez
|
0-0: Ball 1-0: Ball 2-0: Foul Ball, location: 2F 2-1: Ball 3-1: Foul Ball, location: 2F 3-2: Fly out, F5 (Popup, 56S)
|
Bottom of the 6th over - 0 runs, 1 hit, 0 errors, 1 left on base; Bismark 2 - Bismarck 1 |
TOP OF THE 7TH |
Bismark Border Guards batting - Pitching for Bismarck Barons : LHP Tom Hale
|
Batting: LHB Kelsey Scott
|
0-0: Ball 1-0: Ball 2-0: Called Strike 2-1: Ground out 4-3 (Groundball, 4)
|
Batting: RHB Rodrigo García
|
0-0: Called Strike 0-1: Ball 1-1: Ground out 4-3 (Groundball, 4)
|
Batting: RHB José Vidal
|
0-0: SINGLE (Groundball, 6D)
|
Pinch Hitting: RHB Vincent Braun
|
0-0: Called Strike 0-1: Called Strike 0-2: Ball 1-2: Ball 2-2: SINGLE (Line Drive, 6D) José Vidal to second José Vidal to third
|
Batting: RHB Warren Martin
|
Balk! José Vidal scores Vincent Braun to second 0-0: Ball 1-0: Called Strike 1-1: Foul Ball, location: 2F 1-2: Foul Ball, location: 2F 1-2: Ball 2-2: Ball 3-2: Base on Balls
|
Batting: RHB Sergio Solíz
|
0-0: Ball 1-0: Swinging Strike 1-1: Ball 2-1: Foul Ball, location: 2F 2-2: SINGLE (Groundball, 6M) (infield hit) Vincent Braun to third Warren Martin to second
|
Pinch Hitting: RHB Danny Spode
|
0-0: Foul Ball, location: 2F 0-1: Swinging Strike 0-2: DOUBLE (Flyball, 8RD) Vincent Braun scores Warren Martin scores Sergio Solíz to third Runner from 3rd tries for Home, SAFE, no throw
|
Pitching: RHP Alex Hicks
|
|
Batting: RHB Leonard Harris
|
0-0: Ball 1-0: Swinging Strike 1-1: Ball 2-1: Ball 3-1: Foul Ball, location: 2F 3-2: Base on Balls
|
Batting: SHB Richard Griffin
|
0-0: Called Strike 0-1: Foul Ball, location: 2F 0-2: Strikes out looking
|
Top of the 7th over - 4 runs, 4 hits, 0 errors, 2 left on base; Bismark 6 - Bismarck 1 |
BOTTOM OF THE 7TH |
Bismarck Barons batting - Pitching for Bismark Border Guards : RHP Michael Morris
|
Pitching: RHP Miguel Valenzuela
|
|
Now at 1B: Vincent Braun
|
|
Now at SS: Manuel Duarte
|
|
Batting: RHB Pedro García
|
0-0: Ball 1-0: Ground out 4-3 (Groundball, 4)
|
Batting: RHB Miguel Trejo
|
0-0: Ground out 5-3 (Groundball, 56)
|
Batting: RHB Gary Roberts
|
0-0: Ball 1-0: Foul Ball, location: 2F 1-1: Called Strike 1-2: Foul Ball, location: 2F 1-2: Ball 2-2: Foul Ball, location: 2F 2-2: Ball 3-2: Foul Ball, location: 2F 3-2: Base on Balls
|
Batting: RHB Jason Smith
|
0-0: Ball 1-0: 2-RUN HOME RUN (Flyball, 7LD), Distance : 321 ft
|
Pitching: RHP Jim Thompson
|
|
Batting: RHB Jonathan Jackson
|
0-0: Ball 1-0: Ball 2-0: Called Strike 2-1: Ball 3-1: Base on Balls
|
Pitching: LHP David Vance
|
|
Batting: LHB Corey MacGregor
|
0-0: Called Strike 0-1: Foul Ball, location: 2F 0-2: Strikes out swinging
|
Bottom of the 7th over - 2 runs, 1 hit, 0 errors, 1 left on base; Bismark 6 - Bismarck 3 |
TOP OF THE 8TH |
Bismark Border Guards batting - Pitching for Bismarck Barons : RHP Alex Hicks
|
Batting: LHB Kelsey Scott
|
0-0: Ball 1-0: Ground out 4-3 (Groundball, 4)
|
Batting: RHB Rodrigo García
|
0-0: Swinging Strike 0-1: Called Strike 0-2: Strikes out swinging
|
Batting: RHB José Vidal
|
0-0: Called Strike 0-1: Foul Ball, location: 2F 0-2: Strikes out looking
|
Top of the 8th over - 0 runs, 0 hits, 0 errors, 0 left on base; Bismark 6 - Bismarck 3 |
BOTTOM OF THE 8TH |
Bismarck Barons batting - Pitching for Bismark Border Guards : LHP David Vance
|
Pitching: RHP Tony Baltazar
|
|
Batting: RHB Jonathan Reynolds
|
0-0: Ground out 4-3 (Groundball, 34)
|
Batting: LHB Lorenzo Vargas
|
0-0: Called Strike 0-1: Ball 1-1: Foul Ball, location: 2F 1-2: Ground out 1-3 (Groundball, 13S)
|
Batting: RHB Felipe Domínguez
|
0-0: Ball 1-0: Ball 2-0: Fly out, F8 (Flyball, 8RD)
|
Bottom of the 8th over - 0 runs, 0 hits, 0 errors, 0 left on base; Bismark 6 - Bismarck 3 |
TOP OF THE 9TH |
Bismark Border Guards batting - Pitching for Bismarck Barons : RHP Alex Hicks
|
Batting: RHB Vincent Braun
|
0-0: Ball 1-0: Ground out 4-3 (Groundball, 4)
|
Batting: RHB Warren Martin
|
0-0: Called Strike 0-1: Ball 1-1: Ball 2-1: Fly out, F5 (Popup, 56S)
|
Batting: RHB Sergio Solíz
|
0-0: Called Strike 0-1: Ball 1-1: Ball 2-1: Fly out, F7 (Flyball, 7S)
|
Top of the 9th over - 0 runs, 0 hits, 0 errors, 0 left on base; Bismark 6 - Bismarck 3 |
BOTTOM OF THE 9TH |
Bismarck Barons batting - Pitching for Bismark Border Guards : RHP Tony Baltazar
|
Pitching: RHP César Rodríguez
|
|
Now in LF: Oliver Sánchez
|
|
Batting: RHB Pedro García
|
0-0: Ball 1-0: Ball 2-0: Ball 3-0: Foul Ball, location: 2F 3-1: Foul Ball, location: 2F 3-2: Strikes out swinging
|
Batting: RHB Miguel Trejo
|
0-0: Called Strike 0-1: Ball 1-1: SINGLE (Groundball, 56D)
|
Batting: RHB Gary Roberts
|
0-0: Called Strike 0-1: Called Strike 0-2: Strikes out swinging
|
Batting: RHB Jason Smith
|
0-0: Called Strike 0-1: Ball 1-1: Foul Ball, location: 2F 1-2: Foul Ball, location: 2F 1-2: Ball 2-2: Foul Ball, location: 2F 2-2: Strikes out swinging
|
Bottom of the 9th over - 0 runs, 1 hit, 0 errors, 1 left on base; Bismark 6 - Bismarck 3 |
|